Penguins vs Kings
Created - December 12, 2023 at 19:27
Goals
|
| Penguins |
0 |
1 |
0 |
1 |
| Kings |
1 |
1 |
1 |
3 |
|
Shots
|
| Penguins |
10 |
9 |
5 |
24 |
| Kings |
7 |
4 |
22 |
33 |
|
1st period
1. Kings , Joe Pavelski 5 (Adam Fox 11, Jared Cowen 6) at 9:12
Penalties :
Matthew Tkachuk (L.A) for Tripping (Minor) at 4:43, Nikita Kucherov (L.A) for Hooking (Minor) at 10:38, Adam Fox (L.A) for Interference (Minor) at 18:17
2nd period
2. Penguins , Mark Scheifele 15 (Sebastian Aho 12) at 0:08 (PP)
3. Kings , Ryan Getzlaf 2 (Aaron Ekblad 12) at 2:42
Penalties :
Tom Wilson (Pit) for Hooking (Minor) at 3:41, Philip Samuelsson (L.A) for Holding (Minor) at 7:50, Marcus Foligno (Pit) for Holding (Minor) at 12:51, Marcus Johansson (Pit) for Cross-checking (Minor) at 19:32
3rd period
4. Kings , Brayden Schenn 9 (Pavel Zacha 4, Adam Fox 12) at 7:57 (PP)
Penalties :
Marcus Johansson (Pit) for Diving (Minor) at 7:04, Pavel Zacha (L.A) for Boarding (Minor) at 15:54
Goalie Stats
Braden Holtby (Pit), 30 saves from 33 shots - (0.909), L, 4-2-1, 60:00 minutes
Alexandar Georgiev (L.A), 23 saves from 24 shots - (0.958), W, 9-10-1, 60:00 minutes
Players Stats for Penguins
Player Name G A P +/- PIM S H SB GA TA FO MP PP MP PK MP
------------------------------------------------------------------------------------
Brandon Tanev 0 0 0 -1 0 3 1 0 1 0 0/0 8:23 0:00 1:07
Brett Kulak 0 0 0 0 0 1 0 0 0 0 0/0 12:59 0:00 2:14
Danny DeKeiser 0 0 0 0 0 0 2 1 1 1 0/0 22:21 0:00 4:36
Derek Stepan 0 0 0 -1 0 3 0 0 1 0 3/10 17:23 4:21 1:05
Dmitrij Jaskin 0 0 0 -1 0 1 0 1 0 0 0/0 7:34 0:00 0:00
Evan Rodrigues 0 0 0 -1 0 0 0 0 0 0 1/1 7:04 0:00 0:00
Jake Guentzel 0 0 0 -1 0 3 3 2 1 1 1/1 19:04 5:21 1:15
Keith Aulie 0 0 0 -2 0 4 3 1 0 1 0/0 22:48 4:07 2:14
Marcus Foligno 0 0 0 -1 2 1 2 2 0 0 0/0 19:42 4:21 3:17
Marcus Johansson 0 0 0 0 4 2 2 1 0 0 0/1 19:12 4:21 0:28
Mark Scheifele 1 0 1 0 0 3 2 0 1 0 0/1 21:02 5:26 1:07
Max Reinhart 0 0 0 0 0 0 3 0 0 0 6/10 13:46 0:05 4:23
Nick Leddy 0 0 0 -2 0 0 2 2 0 0 0/0 21:08 5:40 0:00
Oscar Klefbom 0 0 0 0 0 1 1 2 1 2 0/0 26:27 5:40 4:36
Pavel Buchnevich 0 0 0 0 0 1 1 0 0 0 0/0 9:31 0:05 0:00
Sebastian Aho 0 1 1 0 0 1 2 0 0 0 12/30 19:44 5:21 0:00
Tom Wilson 0 0 0 0 2 0 2 0 0 0 0/0 10:41 0:00 0:58
Tyson Barrie 0 0 0 0 0 0 0 3 0 1 0/0 14:17 4:07 0:00
Players Stats for Kings
Player Name G A P +/- PIM S H SB GA TA FO MP PP MP PK MP
------------------------------------------------------------------------------------
Aaron Ekblad 0 1 1 1 0 1 2 1 0 0 0/0 23:07 2:36 3:47
Adam Fox 0 2 2 1 2 1 2 3 0 2 0/0 19:33 4:14 0:12
Auston Matthews 0 0 0 0 0 4 2 0 1 0 15/22 17:14 3:52 0:00
Brayden Schenn 1 0 1 0 0 3 2 0 0 0 8/10 17:42 2:55 1:55
Chris Kreider 0 0 0 0 0 2 3 1 1 0 3/4 20:58 2:36 4:57
Jared Cowen 0 1 1 1 0 0 1 4 1 0 0/0 21:35 0:00 6:00
Joe Pavelski 1 0 1 1 0 4 0 0 2 0 1/5 16:38 0:04 4:58
Marc Staal 0 0 0 0 0 0 1 0 0 0 0/0 17:44 0:00 6:00
Matthew Tkachuk 0 0 0 0 2 3 0 0 0 1 0/1 15:58 2:55 0:00
Mitch Marner 0 0 0 0 0 1 0 0 1 1 0/0 16:45 3:52 0:00
Nikita Kucherov 0 0 0 0 2 5 0 0 0 1 0/1 16:47 3:54 0:00
Pavel Zacha 0 1 1 1 2 2 3 1 0 0 0/1 14:57 2:55 1:05
Philip Samuelsson 0 0 0 1 2 1 1 1 0 0 0/0 18:28 0:00 2:53
Pierre-Edouard Bellemare 0 0 0 1 0 1 0 0 0 0 3/8 14:43 0:00 3:06
Quinn Hughes 0 0 0 0 0 3 1 1 0 0 0/0 17:18 4:14 0:42
Ryan Getzlaf 1 0 1 1 0 1 2 0 0 0 1/2 5:47 0:00 0:00
Sean Bergenheim 0 0 0 1 0 0 2 0 0 1 0/0 6:08 0:03 0:27
Zac Rinaldo 0 0 0 1 0 1 0 0 0 0 0/0 8:46 0:00 3:06
3 Stars
1 - Ryan Getzlaf (L.A)
2 - Alexandar Georgiev (L.A)
3 - Brayden Schenn (L.A)
Power Play
Penguins - 1 on 5 Attempt(s) - 20.00%
Kings - 1 on 4 Attempt(s) - 25.00%
Penalty Kill
Penguins - 3 on 4 Attempt(s) - 75.00%
- Score 0 goal in Penalty Kill
Kings - 4 on 5 Attempt(s) - 80.00%
- Score 0 goal in Penalty Kill
Team Stat
Penguins - Hits : 26 - Faceoff Wins : 23 - Blocked Shots : 15 - Penalty Minutes : 8
Kings - Hits : 22 - Faceoff Wins : 31 - Blocked Shots : 12 - Penalty Minutes : 10
Official
Referees : Ian Walsh and Chris Lee
Linesman : Jesse Marquis and Derek Amell
Game Notes
No Game Note
Finance
Level 1 -- Attendance: 5962 (99.37%) -- Ticket Income $596,200
Level 2 -- Attendance: 4689 (93.78%) -- Ticket Income $281,340
Level 3 -- Attendance: 1832 (91.60%) -- Ticket Income $64,120
Level 4 -- Attendance: 4000 (100.00%) -- Ticket Income $100,000
Luxury Box -- Attendance: 967 (96.70%) -- Ticket Income $193,400
Game was played at the Staples Center.
Total Attendance: 17450 (96.94%)
Total Ticket Income: $1,235,060
Other Income: $185,259
Total Income: $1,420,319
Penguins
5 vs 5 Forward
Center Left Wing Right Wing Time % Phy DF OF
1 Sebastian Aho Marcus Johansson Mark Scheifele 40 1 2 2
2 Derek Stepan Jake Guentzel Marcus Foligno 30 1 2 2
3 Max Reinhart Pavel Buchnevich Tom Wilson 20 1 2 2
4 Evan Rodrigues Brandon Tanev Dmitrij Jaskin 10 1 2 2
5 vs 5 Defense
Defense Defense Time % Phy DF OF
1 Oscar Klefbom Danny DeKeiser 40 1 2 2
2 Nick Leddy Keith Aulie 30 1 2 2
3 Brett Kulak Tyson Barrie 20 1 2 2
4 Oscar Klefbom Danny DeKeiser 10 1 2 2
PowerPlay Forward
Center Left Wing Right Wing Time % Phy DF OF
1 Sebastian Aho Jake Guentzel Mark Scheifele 60 1 1 3
2 Derek Stepan Marcus Johansson Marcus Foligno 40 1 1 3
PowerPlay Defense
Defense Defense Time % Phy DF OF
1 Oscar Klefbom Nick Leddy 60 1 1 3
2 Keith Aulie Tyson Barrie 40 1 1 3
Penalty Kill 4 Players Forward
Center Wing Time % Phy DF OF
1 Max Reinhart Marcus Foligno 60 1 3 1
2 Mark Scheifele Brandon Tanev 40 1 3 1
Penalty Kill 4 Players Defense
Defense Defense Time % Phy DF OF
1 Oscar Klefbom Danny DeKeiser 60 1 3 1
2 Keith Aulie Brett Kulak 40 1 3 1
Penalty Kill - 3 Players Forward
Forward Time % Phy DF OF
1 Max Reinhart 60 1 3 1
2 Marcus Foligno 40 1 3 1
Penalty Kill - 3 Players Defense
Defense Defense Time % Phy DF OF
1 Danny DeKeiser Oscar Klefbom 60 1 3 1
2 Keith Aulie Brett Kulak 40 1 3 1
4 vs 4 Forward
Center Wing Time % Phy DF OF
1 Sebastian Aho Jake Guentzel 60 1 2 2
2 Derek Stepan Mark Scheifele 40 1 2 2
4 vs 4 Defense
Defense Defense Time % Phy DF OF
1 Oscar Klefbom Danny DeKeiser 60 1 2 2
2 Keith Aulie Nick Leddy 40 1 2 2
Last Minutes Offensive
Center Left Wing Right Wing Defense Defense
Sebastian Aho Jake Guentzel Mark Scheifele Oscar Klefbom Danny DeKeiser
Last Minutes Defensive
Center Left Wing Right Wing Defense Defense
Max Reinhart Brandon Tanev Marcus Foligno Oscar Klefbom Danny DeKeiser
Goaltenders
Starting : Braden Holtby
Backup : Andrei Vasilevskiy
Extra Forwards
Normal : Mark Scheifele, Jake Guentzel, Pavel Buchnevich - PP : Mark Scheifele, Jake Guentzel - PK : Tom Wilson
Extra Defensemen
Normal : Oscar Klefbom, Keith Aulie, Brett Kulak - PP : Nick Leddy - PK : Danny DeKeiser, Keith Aulie
Penalty Shots
Mark Scheifele, Jake Guentzel, Marcus Foligno, Derek Stepan, Marcus Johansson
Custom OT Lines Forwards
Mark Scheifele, Jake Guentzel, Derek Stepan, Marcus Johansson, Marcus Foligno, Max Reinhart, Pavel Buchnevich, Tom Wilson, Brandon Tanev, Dmitrij Jaskin
Custom OT Lines Defensemen
Danny DeKeiser, Oscar Klefbom, Keith Aulie, Nick Leddy, Brett Kulak
Scratches
Neal Pionk (Fractured Right Foot Injury)
Kings
5 vs 5 Forward
Center Left Wing Right Wing Time % Phy DF OF
1 Brayden Schenn Nikita Kucherov Mitch Marner 35 0 1 4
2 Auston Matthews Chris Kreider Matthew Tkachuk 35 1 1 3
3 Pierre-Edouard Bellemare Pavel Zacha Joe Pavelski 29 1 2 2
4 Ryan Getzlaf Zac Rinaldo Sean Bergenheim 1 3 2 0
5 vs 5 Defense
Defense Defense Time % Phy DF OF
1 Philip Samuelsson Aaron Ekblad 35 1 3 1
2 Jared Cowen Adam Fox 35 1 2 2
3 Marc Staal Quinn Hughes 30 1 2 2
4 Quinn Hughes Jared Cowen 0 1 2 2
PowerPlay Forward
Center Left Wing Right Wing Time % Phy DF OF
1 Auston Matthews Nikita Kucherov Mitch Marner 60 0 0 5
2 Brayden Schenn Pavel Zacha Matthew Tkachuk 40 0 0 5
PowerPlay Defense
Defense Defense Time % Phy DF OF
1 Quinn Hughes Adam Fox 70 0 1 4
2 Aaron Ekblad Chris Kreider 30 0 1 4
Penalty Kill 4 Players Forward
Center Wing Time % Phy DF OF
1 Joe Pavelski Chris Kreider 60 1 2 2
2 Pierre-Edouard Bellemare Zac Rinaldo 40 1 2 2
Penalty Kill 4 Players Defense
Defense Defense Time % Phy DF OF
1 Marc Staal Jared Cowen 60 1 2 2
2 Philip Samuelsson Aaron Ekblad 40 1 2 2
Penalty Kill - 3 Players Forward
Forward Time % Phy DF OF
1 Pierre-Edouard Bellemare 60 1 2 2
2 Joe Pavelski 40 1 2 2
Penalty Kill - 3 Players Defense
Defense Defense Time % Phy DF OF
1 Marc Staal Jared Cowen 60 1 2 2
2 Philip Samuelsson Aaron Ekblad 40 1 2 2
4 vs 4 Forward
Center Wing Time % Phy DF OF
1 Brayden Schenn Nikita Kucherov 60 1 2 2
2 Auston Matthews Chris Kreider 40 1 2 2
4 vs 4 Defense
Defense Defense Time % Phy DF OF
1 Aaron Ekblad Philip Samuelsson 60 1 2 2
2 Jared Cowen Adam Fox 40 1 2 2
Last Minutes Offensive
Center Left Wing Right Wing Defense Defense
Brayden Schenn Chris Kreider Nikita Kucherov Aaron Ekblad Adam Fox
Last Minutes Defensive
Center Left Wing Right Wing Defense Defense
Brayden Schenn Chris Kreider Matthew Tkachuk Marc Staal Jared Cowen
Goaltenders
Starting : Alexandar Georgiev
Backup : Carter Hutton
Extra Forwards
Normal : Pierre-Edouard Bellemare, Brayden Schenn, Auston Matthews - PP : Joe Pavelski, Sean Bergenheim - PK : Brayden Schenn
Extra Defensemen
Normal : Aaron Ekblad, Jared Cowen, Marc Staal - PP : Jared Cowen - PK : Quinn Hughes, Adam Fox
Penalty Shots
Nikita Kucherov, Auston Matthews, Chris Kreider, Brayden Schenn, Pavel Zacha
Custom OT Lines Forwards
Chris Kreider, Nikita Kucherov, Brayden Schenn, Auston Matthews, Joe Pavelski, Sean Bergenheim, Pierre-Edouard Bellemare, Mitch Marner, Pavel Zacha, Matthew Tkachuk
Custom OT Lines Defensemen
Aaron Ekblad, Jared Cowen, Philip Samuelsson, Marc Staal, Adam Fox
Scratches
Jared Spurgeon (Healthy), Tanner Richard (Healthy)
% Time on Ice - Penguins
Lines # - Real PCT - Wanted PCT - Time Play
Normal Forward
1 - 36% - 40% - 15:31
2 - 27% - 30% - 11:54
3 - 21% - 20% - 8:54
4 - 16% - 10% - 7:04
Normal Defense
1 - 41% - 40% - 17:48
2 - 34% - 30% - 14:54
3 - 23% - 20% - 10:02
4 - 1% - 10% - 0:39
PP Forward
1 - 56% - 60% - 5:26
2 - 44% - 40% - 4:21
PP Defense
1 - 58% - 60% - 5:40
2 - 42% - 40% - 4:07
PK Forward
1 - 84% - 60% - 5:43
2 - 16% - 40% - 1:07
PK Defense
1 - 67% - 60% - 4:36
2 - 33% - 40% - 2:14
PK3 Forward
1 - 0% - 60%
2 - 0% - 40%
PK3 Defense
1 - 0% - 60%
2 - 0% - 40%
44 Forward
1 - 0% - 60%
2 - 0% - 40%
44 Defense
1 - 0% - 60%
2 - 0% - 40%
Last Minute Offensive - 0:00
Last Minute Defensive - 0:00
Total
Forward - 60:00
Defense - 60:00
|
% Time on Ice - Kings
Lines # - Real PCT - Wanted PCT - Time Play
Normal Forward
1 - 33% - 35% - 14:18
2 - 30% - 35% - 12:49
3 - 25% - 29% - 10:38
4 - 13% - 1% - 5:38
Normal Defense
1 - 39% - 35% - 17:04
2 - 34% - 35% - 14:56
3 - 26% - 30% - 11:23
4 - 0% - 0% - 0:00
PP Forward
1 - 57% - 60% - 3:55
2 - 43% - 40% - 2:55
PP Defense
1 - 62% - 70% - 4:14
2 - 38% - 30% - 2:36
PK Forward
1 - 68% - 60% - 6:41
2 - 32% - 40% - 3:06
PK Defense
1 - 61% - 60% - 6:00
2 - 39% - 40% - 3:47
PK3 Forward
1 - 0% - 60%
2 - 0% - 40%
PK3 Defense
1 - 0% - 60%
2 - 0% - 40%
44 Forward
1 - 0% - 60%
2 - 0% - 40%
44 Defense
1 - 0% - 60%
2 - 0% - 40%
Last Minute Offensive - 0:00
Last Minute Defensive - 0:00
Total
Forward - 60:00
Defense - 60:00
|
Play-by-Play
1st period
0:01 of 1st period - Brayden Schenn wins face-off versus Sebastian Aho in neutral zone.
0:27 of 1st period - Snap shot by Jake Guentzel.
0:27 of 1st period - Shot Misses the Net.
0:55 of 1st period - Snap shot by Joe Pavelski.
0:55 of 1st period - Shot Misses the Net.
1:33 of 1st period - Slapshot by Jake Guentzel.
1:33 of 1st period - Shot Misses the Net.
1:35 of 1st period - Slapshot by Derek Stepan.
1:35 of 1st period - Stopped by Alexandar Georgiev with a rebound.
1:37 of 1st period - Slapshot by Derek Stepan.
1:37 of 1st period - Stopped by Alexandar Georgiev with a rebound.
1:39 of 1st period - Wrist shot by Marcus Foligno.
1:39 of 1st period - Shot Blocked by Adam Fox.
3:04 of 1st period - Wrist shot by Auston Matthews.
3:04 of 1st period - Shot Blocked by Keith Aulie.
3:27 of 1st period - Sean Bergenheim is hit by Marcus Johansson and loses puck.
4:06 of 1st period - Wrist shot by Nikita Kucherov.
4:06 of 1st period - Shot Blocked by Tyson Barrie.
4:08 of 1st period - Slapshot by Aaron Ekblad.
4:08 of 1st period - Shot Blocked by Dmitrij Jaskin.
4:24 of 1st period - Marc Staal is hit by Jake Guentzel and loses puck.
4:43 of 1st period - Minor Penalty to Matthew Tkachuk for Tripping.
4:44 of 1st period - Joe Pavelski wins face-off versus Sebastian Aho in Kings zone.
5:24 of 1st period - Icing by Marcus Foligno.
5:25 of 1st period - Pierre-Edouard Bellemare wins face-off versus Derek Stepan in Penguins zone.
6:43 of 1st period - Penalty to Matthew Tkachuk is over, Matthew Tkachuk is back on ice.
6:45 of 1st period - Jared Cowen is hit by Jake Guentzel.
7:06 of 1st period - Brayden Schenn is hit by Pavel Buchnevich and loses puck.
7:23 of 1st period - Slapshot by Brandon Tanev.
7:23 of 1st period - Shot Misses the Net.
7:29 of 1st period - Evan Rodrigues is hit by Sean Bergenheim and loses puck.
7:54 of 1st period - Danny DeKeiser is hit by Marc Staal and loses puck.
8:18 of 1st period - Slapshot by Nikita Kucherov.
8:18 of 1st period - Stopped by Braden Holtby without a rebound.
8:19 of 1st period - Derek Stepan wins face-off versus Pierre-Edouard Bellemare in Penguins zone.
8:28 of 1st period - Snap shot by Jake Guentzel.
8:28 of 1st period - Stopped by Alexandar Georgiev without a rebound.
8:29 of 1st period - Pierre-Edouard Bellemare wins face-off versus Derek Stepan in Kings zone.
9:08 of 1st period - Snap shot by Adam Fox.
9:08 of 1st period - Shot Blocked by Jake Guentzel.
9:10 of 1st period - Wrist shot by Joe Pavelski.
9:10 of 1st period - Stopped by Braden Holtby with a rebound.
9:12 of 1st period - Wrist shot by Joe Pavelski.
9:12 of 1st period - Goal by Joe Pavelski - Penguins : 0 - Kings : 1.
9:13 of 1st period - Sebastian Aho wins face-off versus Auston Matthews in neutral zone.
10:24 of 1st period - Wrist shot by Brandon Tanev.
10:24 of 1st period - Deflect By Evan Rodrigues.
10:24 of 1st period - Shot Blocked by Aaron Ekblad.
10:24 of 1st period - Puck is out of play.
10:25 of 1st period - Evan Rodrigues wins face-off versus Brayden Schenn in Kings zone.
10:36 of 1st period - Snap shot by Brandon Tanev.
10:36 of 1st period - Shot Misses the Net.
10:38 of 1st period - Minor Penalty to Nikita Kucherov for Hooking.
10:39 of 1st period - Sebastian Aho wins face-off versus Chris Kreider in Kings zone.
11:14 of 1st period - Slapshot by Oscar Klefbom.
11:14 of 1st period - Shot Misses the Net.
11:16 of 1st period - Slapshot by Keith Aulie.
11:16 of 1st period - Stopped by Alexandar Georgiev with a rebound.
12:38 of 1st period - Penalty to Nikita Kucherov is over, Nikita Kucherov is back on ice.
12:43 of 1st period - Snap shot by Nikita Kucherov.
12:43 of 1st period - Shot Misses the Net.
13:00 of 1st period - Slapshot by Tyson Barrie.
13:00 of 1st period - Shot Misses the Net.
13:17 of 1st period - Zac Rinaldo is hit by Max Reinhart and loses puck.
14:46 of 1st period - Slapshot by Aaron Ekblad.
14:46 of 1st period - Deflect By Matthew Tkachuk.
14:46 of 1st period - Shot Blocked by Tyson Barrie.
14:46 of 1st period - Puck is out of play.
14:47 of 1st period - Auston Matthews wins face-off versus Sebastian Aho in Penguins zone.
14:52 of 1st period - Wrist shot by Auston Matthews.
14:52 of 1st period - Stopped by Braden Holtby without a rebound.
14:53 of 1st period - Brayden Schenn wins face-off versus Sebastian Aho in Penguins zone.
15:29 of 1st period - Wrist shot by Matthew Tkachuk.
15:29 of 1st period - Shot Blocked by Marcus Foligno.
15:31 of 1st period - Snap shot by Matthew Tkachuk.
15:31 of 1st period - Stopped by Braden Holtby with a rebound.
16:01 of 1st period - Dmitrij Jaskin is hit by Ryan Getzlaf and loses puck.
16:22 of 1st period - Nikita Kucherov is hit by Sebastian Aho and loses puck.
16:27 of 1st period - Wrist shot by Sebastian Aho.
16:27 of 1st period - Stopped by Alexandar Georgiev without a rebound.
16:28 of 1st period - Auston Matthews wins face-off versus Sebastian Aho in Kings zone.
16:39 of 1st period - Snap shot by Marcus Johansson.
16:39 of 1st period - Shot Misses the Net.
16:41 of 1st period - Snap shot by Marcus Johansson.
16:41 of 1st period - Stopped by Alexandar Georgiev without a rebound.
16:42 of 1st period - Chris Kreider wins face-off versus Sebastian Aho in Kings zone.
16:42 of 1st period - Chris Kreider is hit by Mark Scheifele.
16:50 of 1st period - Oscar Klefbom is hit by Auston Matthews and loses puck.
17:09 of 1st period - Nikita Kucherov is hit by Danny DeKeiser and loses puck.
17:18 of 1st period - Snap shot by Brayden Schenn.
17:18 of 1st period - Shot Blocked by Oscar Klefbom.
17:20 of 1st period - Snap shot by Nikita Kucherov.
17:20 of 1st period - Stopped by Braden Holtby without a rebound.
17:21 of 1st period - Sebastian Aho wins face-off versus Pierre-Edouard Bellemare in Penguins zone.
17:21 of 1st period - Sebastian Aho is hit by Pavel Zacha.
17:27 of 1st period - Slapshot by Nick Leddy.
17:27 of 1st period - Shot Blocked by Jared Cowen.
17:29 of 1st period - Slapshot by Keith Aulie.
17:29 of 1st period - Stopped by Alexandar Georgiev without a rebound.
17:30 of 1st period - Pierre-Edouard Bellemare wins face-off versus Sebastian Aho in Kings zone.
17:39 of 1st period - Slapshot by Aaron Ekblad.
17:39 of 1st period - Stopped by Braden Holtby with a rebound.
17:49 of 1st period - Snap shot by Keith Aulie.
17:49 of 1st period - Stopped by Alexandar Georgiev with a rebound.
17:51 of 1st period - Wrist shot by Marcus Johansson.
17:51 of 1st period - Stopped by Alexandar Georgiev with a rebound.
17:53 of 1st period - Slapshot by Nick Leddy.
17:53 of 1st period - Deflect By Mark Scheifele.
17:53 of 1st period - Shot Hit the Post.
17:53 of 1st period - Puck is out of play.
17:54 of 1st period - Auston Matthews wins face-off versus Derek Stepan in Kings zone.
18:17 of 1st period - Minor Penalty to Adam Fox for Interference.
18:18 of 1st period - Sebastian Aho wins face-off versus Joe Pavelski in Kings zone.
18:30 of 1st period - Snap shot by Mark Scheifele.
18:30 of 1st period - Shot Blocked by Jared Cowen.
18:32 of 1st period - Slapshot by Oscar Klefbom.
18:32 of 1st period - Shot Misses the Net.
18:54 of 1st period - Snap shot by Marcus Foligno.
18:54 of 1st period - Stopped by Alexandar Georgiev with a rebound.
Goals for this period are 0 for Penguins vs 1 for Kings.
Shots for this period are 10 for Penguins vs 7 for Kings.
2nd period
0:01 of 2nd period - Sebastian Aho wins face-off versus Joe Pavelski in neutral zone.
0:08 of 2nd period - Snap shot by Mark Scheifele.
0:08 of 2nd period - Goal by Mark Scheifele - Penguins : 1 - Kings : 1.
0:09 of 2nd period - Auston Matthews wins face-off versus Sebastian Aho in neutral zone.
0:44 of 2nd period - Wrist shot by Jake Guentzel.
0:44 of 2nd period - Stopped by Alexandar Georgiev without a rebound.
0:45 of 2nd period - Auston Matthews wins face-off versus Marcus Johansson in Kings zone.
0:56 of 2nd period - Auston Matthews is hit by Nick Leddy and loses puck.
1:11 of 2nd period - Marcus Foligno is hit by Aaron Ekblad and loses puck.
1:24 of 2nd period - Wrist shot by Mitch Marner.
1:24 of 2nd period - Stopped by Braden Holtby without a rebound.
1:25 of 2nd period - Sebastian Aho wins face-off versus Pavel Zacha in Penguins zone.
1:52 of 2nd period - Marcus Foligno is hit by Adam Fox and loses puck.
2:15 of 2nd period - Snap shot by Pavel Buchnevich.
2:15 of 2nd period - Shot Hit the Post.
2:42 of 2nd period - Wrist shot by Ryan Getzlaf.
2:42 of 2nd period - Goal by Ryan Getzlaf - Penguins : 1 - Kings : 2.
2:43 of 2nd period - Brayden Schenn wins face-off versus Sebastian Aho in neutral zone.
3:09 of 2nd period - Marcus Foligno is hit by Chris Kreider and loses puck.
3:18 of 2nd period - Matthew Tkachuk is hit by Marcus Foligno and loses puck.
3:30 of 2nd period - Off-side.
3:31 of 2nd period - Max Reinhart wins face-off versus Pierre-Edouard Bellemare in neutral zone.
3:41 of 2nd period - Minor Penalty to Tom Wilson for Hooking.
3:42 of 2nd period - Auston Matthews wins face-off versus Max Reinhart in Penguins zone.
4:09 of 2nd period - Max Reinhart is hit by Brayden Schenn and loses puck.
5:03 of 2nd period - Derek Stepan is hit by Aaron Ekblad and loses puck.
5:18 of 2nd period - Marcus Foligno is hit by Chris Kreider and loses puck.
5:41 of 2nd period - Penalty to Tom Wilson is over, Tom Wilson is back on ice.
5:52 of 2nd period - Backhand shot by Keith Aulie.
5:52 of 2nd period - Stopped by Alexandar Georgiev without a rebound.
5:53 of 2nd period - Ryan Getzlaf wins face-off versus Sebastian Aho in Kings zone.
6:00 of 2nd period - Wrist shot by Zac Rinaldo.
6:00 of 2nd period - Shot Misses the Net.
6:10 of 2nd period - Ryan Getzlaf is hit by Nick Leddy and loses puck.
6:44 of 2nd period - Nikita Kucherov is hit by Jake Guentzel and loses puck.
7:05 of 2nd period - Slapshot by Matthew Tkachuk.
7:05 of 2nd period - Deflect By Chris Kreider.
7:05 of 2nd period - Shot Misses the Net.
7:05 of 2nd period - Puck is out of play.
7:06 of 2nd period - Auston Matthews wins face-off versus Sebastian Aho in Penguins zone.
7:15 of 2nd period - Matthew Tkachuk is hit by Marcus Johansson and loses puck.
7:50 of 2nd period - Minor Penalty to Philip Samuelsson for Holding.
7:51 of 2nd period - Sebastian Aho wins face-off versus Joe Pavelski in Kings zone.
8:47 of 2nd period - Slapshot by Quinn Hughes.
8:47 of 2nd period - Shot Misses the Net.
9:50 of 2nd period - Penalty to Philip Samuelsson is over, Philip Samuelsson is back on ice.
9:51 of 2nd period - Marc Staal is hit by Keith Aulie.
10:09 of 2nd period - Slapshot by Brandon Tanev.
10:09 of 2nd period - Stopped by Alexandar Georgiev with a rebound.
10:11 of 2nd period - Snap shot by Dmitrij Jaskin.
10:11 of 2nd period - Stopped by Alexandar Georgiev with a rebound.
11:37 of 2nd period - Derek Stepan is hit by Auston Matthews and loses puck.
12:09 of 2nd period - Keith Aulie is hit by Sean Bergenheim.
12:19 of 2nd period - Oscar Klefbom is hit by Brayden Schenn and loses puck.
12:48 of 2nd period - Snap shot by Chris Kreider.
12:48 of 2nd period - Stopped by Braden Holtby without a rebound.
12:49 of 2nd period - Jake Guentzel wins face-off versus Pierre-Edouard Bellemare in Penguins zone.
12:51 of 2nd period - Minor Penalty to Marcus Foligno for Holding.
12:52 of 2nd period - Max Reinhart wins face-off versus Auston Matthews in Penguins zone.
13:00 of 2nd period - Snap shot by Oscar Klefbom.
13:00 of 2nd period - Deflect By Mitch Marner.
13:00 of 2nd period - Stopped by Alexandar Georgiev with a rebound.
13:27 of 2nd period - Max Reinhart is hit by Pavel Zacha and loses puck.
13:52 of 2nd period - Pavel Zacha is hit by Keith Aulie.
13:56 of 2nd period - Brett Kulak is hit by Pavel Zacha and loses puck.
14:51 of 2nd period - Penalty to Marcus Foligno is over, Marcus Foligno is back on ice.
15:04 of 2nd period - Marcus Foligno is hit by Philip Samuelsson and loses puck.
16:00 of 2nd period - Chris Kreider is hit by Keith Aulie and loses puck.
16:15 of 2nd period - Icing by Quinn Hughes.
16:16 of 2nd period - Derek Stepan wins face-off versus Pierre-Edouard Bellemare in Kings zone.
16:38 of 2nd period - Mark Scheifele is hit by Quinn Hughes and loses puck.
17:03 of 2nd period - Nick Leddy is hit by Ryan Getzlaf and loses puck.
18:06 of 2nd period - Nikita Kucherov is hit by Mark Scheifele and loses puck.
18:17 of 2nd period - Snap shot by Sebastian Aho.
18:17 of 2nd period - Deflect By Mark Scheifele.
18:17 of 2nd period - Shot Blocked by Adam Fox.
18:17 of 2nd period - Puck is out of play.
18:18 of 2nd period - Auston Matthews wins face-off versus Derek Stepan in Kings zone.
18:45 of 2nd period - Pierre-Edouard Bellemare is hit by Tom Wilson and loses puck.
19:08 of 2nd period - Snap shot by Dmitrij Jaskin.
19:08 of 2nd period - Shot Blocked by Quinn Hughes.
19:10 of 2nd period - Snap shot by Brandon Tanev.
19:10 of 2nd period - Deflect By Quinn Hughes.
19:10 of 2nd period - Stopped by Alexandar Georgiev with a rebound.
19:12 of 2nd period - Slapshot by Keith Aulie.
19:12 of 2nd period - Shot Blocked by Pavel Zacha.
19:14 of 2nd period - Slapshot by Brett Kulak.
19:14 of 2nd period - Stopped by Alexandar Georgiev with a rebound.
19:16 of 2nd period - Slapshot by Brett Kulak.
19:16 of 2nd period - Shot Misses the Net.
19:18 of 2nd period - Wrist shot by Brandon Tanev.
19:18 of 2nd period - Stopped by Alexandar Georgiev without a rebound.
19:19 of 2nd period - Auston Matthews wins face-off versus Sebastian Aho in Kings zone.
19:28 of 2nd period - Wrist shot by Chris Kreider.
19:28 of 2nd period - Deflect By Auston Matthews.
19:28 of 2nd period - Stopped by Braden Holtby without a rebound.
19:29 of 2nd period - Sebastian Aho wins face-off versus Auston Matthews in Penguins zone.
19:29 of 2nd period - Sebastian Aho is hit by Jared Cowen.
19:32 of 2nd period - Minor Penalty to Marcus Johansson for Cross-checking.
19:33 of 2nd period - Max Reinhart wins face-off versus Nikita Kucherov in Penguins zone.
19:33 of 2nd period - Max Reinhart is hit by Adam Fox.
19:42 of 2nd period - Wrist shot by Max Reinhart.
19:42 of 2nd period - Shot Misses the Net.
Goals for this period are 1 for Penguins vs 1 for Kings.
Shots for this period are 9 for Penguins vs 4 for Kings.
3rd period
0:01 of 3rd period - Max Reinhart wins face-off versus Auston Matthews in neutral zone.
0:33 of 3rd period - Snap shot by Brayden Schenn.
0:33 of 3rd period - Stopped by Braden Holtby with a rebound.
0:35 of 3rd period - Snap shot by Adam Fox.
0:35 of 3rd period - Shot Misses the Net.
1:09 of 3rd period - Aaron Ekblad is hit by Marcus Foligno and loses puck.
1:32 of 3rd period - Penalty to Marcus Johansson is over, Marcus Johansson is back on ice.
1:46 of 3rd period - Wrist shot by Zac Rinaldo.
1:46 of 3rd period - Stopped by Braden Holtby without a rebound.
1:47 of 3rd period - Sebastian Aho wins face-off versus Ryan Getzlaf in Penguins zone.
1:59 of 3rd period - Snap shot by Sean Bergenheim.
1:59 of 3rd period - Shot Misses the Net.
2:17 of 3rd period - Wrist shot by Joe Pavelski.
2:17 of 3rd period - Shot Misses the Net.
2:19 of 3rd period - Snap shot by Pavel Zacha.
2:19 of 3rd period - Deflect By Pierre-Edouard Bellemare.
2:19 of 3rd period - Stopped by Braden Holtby with a rebound.
2:21 of 3rd period - Snap shot by Joe Pavelski.
2:21 of 3rd period - Stopped by Braden Holtby with a rebound.
2:23 of 3rd period - Slapshot by Pavel Zacha.
2:23 of 3rd period - Shot Misses the Net.
2:25 of 3rd period - Slapshot by Jared Cowen.
2:25 of 3rd period - Shot Blocked by Nick Leddy.
2:57 of 3rd period - Snap shot by Marcus Johansson.
2:57 of 3rd period - Shot Misses the Net.
2:59 of 3rd period - Slapshot by Sebastian Aho.
2:59 of 3rd period - Shot Misses the Net.
3:01 of 3rd period - Slapshot by Nick Leddy.
3:01 of 3rd period - Shot Misses the Net.
3:37 of 3rd period - Nikita Kucherov is hit by Brandon Tanev and loses puck.
4:32 of 3rd period - Matthew Tkachuk is hit by Oscar Klefbom and loses puck.
4:51 of 3rd period - Marc Staal is hit by Max Reinhart and loses puck.
5:47 of 3rd period - Philip Samuelsson is hit by Sebastian Aho and loses puck.
5:54 of 3rd period - Snap shot by Marcus Johansson.
5:54 of 3rd period - Shot Misses the Net.
6:16 of 3rd period - Philip Samuelsson is hit by Tom Wilson and loses puck.
6:31 of 3rd period - Snap shot by Aaron Ekblad.
6:31 of 3rd period - Deflect By Brayden Schenn.
6:31 of 3rd period - Shot Blocked by Marcus Foligno.
6:31 of 3rd period - Puck is out of play.
6:32 of 3rd period - Brayden Schenn wins face-off versus Derek Stepan in Penguins zone.
6:33 of 3rd period - Wrist shot by Nikita Kucherov.
6:33 of 3rd period - Deflect By Brayden Schenn.
6:33 of 3rd period - Stopped by Braden Holtby with a rebound.
6:45 of 3rd period - Snap shot by Jake Guentzel.
6:45 of 3rd period - Shot Blocked by Jared Cowen.
6:47 of 3rd period - Wrist shot by Derek Stepan.
6:47 of 3rd period - Stopped by Alexandar Georgiev with a rebound.
6:49 of 3rd period - Wrist shot by Jake Guentzel.
6:49 of 3rd period - Shot Blocked by Jared Cowen.
6:51 of 3rd period - Slapshot by Nick Leddy.
6:51 of 3rd period - Shot Blocked by Adam Fox.
6:53 of 3rd period - Wrist shot by Marcus Foligno.
6:53 of 3rd period - Deflect By Jake Guentzel.
6:53 of 3rd period - Shot Misses the Net.
6:53 of 3rd period - Puck is out of play.
6:54 of 3rd period - Chris Kreider wins face-off versus Sebastian Aho in Kings zone.
7:04 of 3rd period - Minor Penalty to Marcus Johansson for Diving.
7:05 of 3rd period - Auston Matthews wins face-off versus Max Reinhart in Penguins zone.
7:11 of 3rd period - Snap shot by Nikita Kucherov.
7:11 of 3rd period - Shot Misses the Net.
7:15 of 3rd period - Wrist shot by Quinn Hughes.
7:15 of 3rd period - Stopped by Braden Holtby with a rebound.
7:17 of 3rd period - Wrist shot by Auston Matthews.
7:17 of 3rd period - Stopped by Braden Holtby without a rebound.
7:18 of 3rd period - Max Reinhart wins face-off versus Auston Matthews in Penguins zone.
7:45 of 3rd period - Icing by Adam Fox.
7:46 of 3rd period - Max Reinhart wins face-off versus Brayden Schenn in Kings zone.
7:57 of 3rd period - Snap shot by Brayden Schenn.
7:57 of 3rd period - Goal by Brayden Schenn - Penguins : 1 - Kings : 3.
7:58 of 3rd period - Sebastian Aho wins face-off versus Matthew Tkachuk in neutral zone.
8:00 of 3rd period - Off-side.
8:01 of 3rd period - Auston Matthews wins face-off versus Sebastian Aho in neutral zone.
8:09 of 3rd period - Wrist shot by Matthew Tkachuk.
8:09 of 3rd period - Shot Blocked by Danny DeKeiser.
8:11 of 3rd period - Slapshot by Adam Fox.
8:11 of 3rd period - Stopped by Braden Holtby without a rebound.
8:12 of 3rd period - Brayden Schenn wins face-off versus Mark Scheifele in Penguins zone.
8:28 of 3rd period - Off-side.
8:29 of 3rd period - Derek Stepan wins face-off versus Auston Matthews in neutral zone.
8:44 of 3rd period - Oscar Klefbom is hit by Chris Kreider and loses puck.
8:55 of 3rd period - Nikita Kucherov is hit by Danny DeKeiser and loses puck.
9:20 of 3rd period - Slapshot by Quinn Hughes.
9:20 of 3rd period - Stopped by Braden Holtby without a rebound.
9:21 of 3rd period - Auston Matthews wins face-off versus Max Reinhart in Penguins zone.
9:38 of 3rd period - Wrist shot by Pavel Buchnevich.
9:38 of 3rd period - Stopped by Alexandar Georgiev without a rebound.
9:39 of 3rd period - Brayden Schenn wins face-off versus Sebastian Aho in Kings zone.
9:54 of 3rd period - Slapshot by Nikita Kucherov.
9:54 of 3rd period - Shot Misses the Net.
10:32 of 3rd period - Snap shot by Auston Matthews.
10:32 of 3rd period - Stopped by Braden Holtby with a rebound.
10:34 of 3rd period - Wrist shot by Matthew Tkachuk.
10:34 of 3rd period - Shot Blocked by Marcus Johansson.
10:36 of 3rd period - Backhand shot by Quinn Hughes.
10:36 of 3rd period - Stopped by Braden Holtby with a rebound.
10:38 of 3rd period - Slapshot by Quinn Hughes.
10:38 of 3rd period - Shot Misses the Net.
10:54 of 3rd period - Slapshot by Mark Scheifele.
10:54 of 3rd period - Stopped by Alexandar Georgiev without a rebound.
10:55 of 3rd period - Brayden Schenn wins face-off versus Derek Stepan in Kings zone.
11:16 of 3rd period - Slapshot by Philip Samuelsson.
11:16 of 3rd period - Deflect By Max Reinhart.
11:16 of 3rd period - Stopped by Braden Holtby with a rebound.
11:18 of 3rd period - Snap shot by Mitch Marner.
11:18 of 3rd period - Shot Misses the Net.
11:20 of 3rd period - Wrist shot by Mitch Marner.
11:20 of 3rd period - Deflect By Nikita Kucherov.
11:20 of 3rd period - Shot Misses the Net.
11:20 of 3rd period - Puck is out of play.
11:21 of 3rd period - Auston Matthews wins face-off versus Max Reinhart in Penguins zone.
11:30 of 3rd period - Quinn Hughes is hit by Max Reinhart.
11:54 of 3rd period - Snap shot by Joe Pavelski.
11:54 of 3rd period - Stopped by Braden Holtby with a rebound.
11:56 of 3rd period - Snap shot by Pierre-Edouard Bellemare.
11:56 of 3rd period - Shot Blocked by Jake Guentzel.
12:12 of 3rd period - Off-side.
12:13 of 3rd period - Sebastian Aho wins face-off versus Auston Matthews in neutral zone.
12:20 of 3rd period - Backhand shot by Mark Scheifele.
12:20 of 3rd period - Stopped by Alexandar Georgiev with a rebound.
12:28 of 3rd period - Snap shot by Chris Kreider.
12:28 of 3rd period - Stopped by Braden Holtby without a rebound.
12:29 of 3rd period - Brayden Schenn wins face-off versus Derek Stepan in Penguins zone.
12:34 of 3rd period - Wrist shot by Nikita Kucherov.
12:34 of 3rd period - Shot Blocked by Oscar Klefbom.
13:52 of 3rd period - Snap shot by Pavel Zacha.
13:52 of 3rd period - Stopped by Braden Holtby with a rebound.
13:54 of 3rd period - Wrist shot by Pavel Zacha.
13:54 of 3rd period - Stopped by Braden Holtby without a rebound.
13:55 of 3rd period - Auston Matthews wins face-off versus Sebastian Aho in Penguins zone.
13:56 of 3rd period - Wrist shot by Chris Kreider.
13:56 of 3rd period - Deflect By Matthew Tkachuk.
13:56 of 3rd period - Stopped by Braden Holtby without a rebound.
13:57 of 3rd period - Chris Kreider wins face-off versus Sebastian Aho in Penguins zone.
14:08 of 3rd period - Wrist shot by Chris Kreider.
14:08 of 3rd period - Deflect By Matthew Tkachuk.
14:08 of 3rd period - Stopped by Braden Holtby with a rebound.
14:28 of 3rd period - Wrist shot by Mitch Marner.
14:28 of 3rd period - Shot Misses the Net.
14:32 of 3rd period - Wrist shot by Nikita Kucherov.
14:32 of 3rd period - Stopped by Braden Holtby without a rebound.
14:33 of 3rd period - Auston Matthews wins face-off versus Sebastian Aho in Penguins zone.
14:48 of 3rd period - Snap shot by Chris Kreider.
14:48 of 3rd period - Shot Misses the Net.
15:02 of 3rd period - Wrist shot by Nikita Kucherov.
15:02 of 3rd period - Stopped by Braden Holtby with a rebound.
15:04 of 3rd period - Slapshot by Philip Samuelsson.
15:04 of 3rd period - Shot Blocked by Nick Leddy.
15:06 of 3rd period - Snap shot by Mitch Marner.
15:06 of 3rd period - Shot Misses the Net.
15:08 of 3rd period - Slapshot by Nikita Kucherov.
15:08 of 3rd period - Stopped by Braden Holtby with a rebound.
15:22 of 3rd period - Slapshot by Keith Aulie.
15:22 of 3rd period - Shot Blocked by Philip Samuelsson.
15:54 of 3rd period - Minor Penalty to Pavel Zacha for Boarding.
15:55 of 3rd period - Sebastian Aho wins face-off versus Joe Pavelski in Kings zone.
16:06 of 3rd period - Snap shot by Jake Guentzel.
16:06 of 3rd period - Stopped by Alexandar Georgiev with a rebound.
16:08 of 3rd period - Wrist shot by Sebastian Aho.
16:08 of 3rd period - Shot Blocked by Chris Kreider.
16:28 of 3rd period - Slapshot by Keith Aulie.
16:28 of 3rd period - Shot Misses the Net.
16:30 of 3rd period - Snap shot by Marcus Foligno.
16:30 of 3rd period - Shot Misses the Net.
16:32 of 3rd period - Slapshot by Oscar Klefbom.
16:32 of 3rd period - Shot Misses the Net.
17:26 of 3rd period - Wrist shot by Sean Bergenheim.
17:26 of 3rd period - Shot Blocked by Tyson Barrie.
17:54 of 3rd period - Penalty to Pavel Zacha is over, Pavel Zacha is back on ice.
Goals for this period are 0 for Penguins vs 1 for Kings.
Shots for this period are 5 for Penguins vs 22 for Kings.